 Dungeon Crawl Stone Soup version 0.27-a0-520-gb83adbd1c9 (webtiles) character file.

Game seed: 312522575741194432

79 ReteAZ the Magician (level 4, 0/32 HPs)
             Began as a Gnoll Wanderer on Mar 4, 2021.
             Killed from afar by Ijyb (11 damage)
             ... with a puff of flame
             ... on level 3 of the Dungeon.
             The game lasted 00:05:16 (2389 turns).

ReteAZ the Magician (Gnoll Wanderer)                Turns: 2389, Time: 00:05:17

Health: 0/32       AC:  3    Str: 11    XL:     4   Next: 37%
Magic:  13/13      EV: 11    Int: 14    God:
Gold:   134        SH:  0    Dex: 10    Spells: 17/17 levels left

rFire    . . .     SeeInvis .   a - +0 shortbow
rCold    . . .     Faith    .   (shield currently unavailable)
rNeg     . . .     Spirit   .   m - +0 robe {Will+}
rPois    .         Reflect  .   (no helmet)
rElec    .         Harm     .   (no cloak)
rCorr    .         Rampage  .   (no gloves)
Will     +....                  l - +0 pair of boots
Stlth    +.........             j - amulet of regeneration
HPRegen  1.10/turn              (no ring)
MPRegen  0.13/turn              (no ring)

@: no status effects
A: fangs 1, strong nose, distributed training
a: no special abilities


You were on level 3 of the Dungeon.
You visited 1 branch of the dungeon, and saw 3 of its levels.

You collected 134 gold pieces.

Inventory:

Hand Weapons
 a - a +0 shortbow (weapon)
 b - a +0 whip
Missiles
 d - 23 arrows (quivered ammo)
Armour
 e - a +0 robe
 l - a +0 pair of boots (worn)
 m - a +0 robe of willpower (worn)
Jewellery
 j - an amulet of regeneration (around neck)
Scrolls
 f - 2 scrolls of identify {unknown}
 g - 2 scrolls of teleportation {unknown}
 i - a scroll of enchant weapon {unknown}
Potions
 c - 2 potions of attraction {unknown}
 h - 3 potions of curing {unknown}
 k - a potion of haste {unknown}
 n - a potion of degeneration {unknown}


   Skills:
 + Level 1.1 Fighting
 + Level 1.1 Short Blades
 + Level 1.1 Long Blades
 + Level 1.1 Axes
 + Level 1.1 Maces & Flails
 + Level 1.1 Polearms
 + Level 1.1 Staves
 + Level 1.1 Slings
 + Level 2.7 Bows
 + Level 1.1 Crossbows
 + Level 2.7 Throwing
 + Level 4.6 Armour
 + Level 1.1 Dodging
 + Level 1.1 Stealth
 + Level 1.1 Shields
 + Level 1.1 Unarmed Combat
 + Level 7.2 Spellcasting
 + Level 0.8 Conjurations
 + Level 0.8 Hexes
 + Level 0.8 Summonings
 + Level 0.8 Necromancy
 + Level 0.8 Translocations
 + Level 0.8 Transmutations
 + Level 0.8 Fire Magic
 + Level 3.8 Ice Magic
 + Level 0.8 Air Magic
 + Level 0.8 Earth Magic
 + Level 0.8 Poison Magic
 + Level 1.2 Invocations
 + Level 2.7 Evocations


You had 17 spell levels left.
You didn't know any spells.
Your spell library contained the following spells:

 Spells                   Type           Power        Failure   Level
 Magic Dart               Conj           28%          10%         1
 Summon Small Mammal      Summ           28%          10%         1
 Blink                    Tloc           N/A          14%         2
 Call Imp                 Summ           7%           14%         2
 Slow                     Hex            7%           14%         2
 Call Canine Familiar     Summ           7%           28%         3
 Conjure Flame            Conj/Fire      7%           28%         3
 Mephitic Cloud           Conj/Pois/Air  7%           28%         3


Dungeon Overview and Level Annotations

Branches:
Dungeon (3/15)

Altars:
Dithmenos
Xom
The Shining One

Annotations:
D:3 Ijyb


Innate Abilities, Weirdness & Mutations

You have very sharp teeth.
Your uncanny sense of smell can sniff out nearby items.
Your experience applies equally to all skills.


Message History

Ijyb zaps a wand.
The puff of flame hits you!
* * * LOW HITPOINT WARNING * * *
Fire: 29 arrows
Press: ? - help, Q - select action Shift-Dir - straight line, f/p - Ijyb
Aim: Ijyb, wielding a +0 club, wearing a +0 leather armour and carrying a wand of flame (16) (severely wounded, 47% to hit)
You shoot an arrow. The arrow closely misses Ijyb.
Ijyb hits you with a +0 club.
* * * LOW HITPOINT WARNING * * *
Ijyb misses you.
Fire: 28 arrows
Press: ? - help, Q - select action Shift-Dir - straight line, f/p - Ijyb
Aim: Ijyb, wielding a +0 club, wearing a +0 leather armour and carrying a wand of flame (16) (severely wounded, 47% to hit)
You shoot an arrow. The arrow barely misses Ijyb.
Ijyb closely misses you.
Fire: 27 arrows
Press: ? - help, Q - select action Shift-Dir - straight line, f/p - Ijyb
Aim: Ijyb, wielding a +0 club, wearing a +0 leather armour and carrying a wand of flame (16) (severely wounded, 47% to hit)
You shoot an arrow. The arrow closely misses Ijyb.
Ijyb screams, "Level is mine!
All mine!"
Ijyb hits you but does no damage.
Fire: 26 arrows
Press: ? - help, Q - select action Shift-Dir - straight line, f/p - Ijyb
Aim: Ijyb, wielding a +0 club, wearing a +0 leather armour and carrying a wand of flame (16) (severely wounded, 47% to hit)
You shoot an arrow. The arrow hits Ijyb but does no damage.
Ijyb is severely wounded.
Ijyb hits you with a +0 club.
* * * LOW HITPOINT WARNING * * *
Fire: 25 arrows
Press: ? - help, Q - select action Shift-Dir - straight line, f/p - Ijyb
Aim: Ijyb, wielding a +0 club, wearing a +0 leather armour and carrying a wand of flame (16) (severely wounded, 47% to hit)
You shoot an arrow. The arrow closely misses Ijyb.
Ijyb screams, "I dance on your bones!" Ijyb hits you but does no damage.
Fire: 24 arrows
Press: ? - help, Q - select action Shift-Dir - straight line, f/p - Ijyb
Aim: Ijyb, wielding a +0 club, wearing a +0 leather armour and carrying a wand of flame (16) (severely wounded, 47% to hit)
You shoot an arrow. The arrow hits Ijyb.
Ijyb is almost dead.
Ijyb zaps a wand.
The puff of flame hits you!
You die...

#.# # #.#
#( #.#
.##.# ((.#
#..# #g.#
#@(#
#.........#
###.####..#
#.# # #..
###


You could see Ijyb.

Vanquished Creatures
  3 adders (D:2)
  2 worms (D:2)
  2 leopard geckos
  2 ball pythons (D:1)
  A giant cockroach (D:1)
  8 hobgoblins
  3 jackals (D:1)
  4 kobolds
  A quokka (D:2)
  7 bats
  3 frilled lizards (D:1)
  5 goblins
  2 rats (D:1)
43 creatures vanquished.

Notes
Turn   | Place    | Note
-------+----------+-------------------------------------------
     0 | D:1      | ReteAZ the Gnoll Wanderer began the quest for the Orb.
     0 | D:1      | ReteAZ set off with the following items: a +0 shortbow, 26
                  | arrows, a +0 robe; and the following spells available to
                  | memorise: Magic Dart, Summon Small Mammal, Blink, Call Imp,
                  | Slow, Call Canine Familiar, Conjure Flame, Mephitic Cloud
     0 | D:1      | Reached XP level 1. HP: 13/13 MP: 8/8
   235 | D:1      | Reached XP level 2. HP: 16/19 MP: 10/10
  1119 | D:1      | Reached XP level 3. HP: 22/25 MP: 11/11
  1517 | D:2      | Found a shadowy altar of Dithmenos.
  1559 | D:2      | Found a glowing golden altar of the Shining One.
  1586 | D:2      | Reached skill level 1 in Invocations
  1609 | D:2      | Reached skill level 1 in Fighting
  1609 | D:2      | Reached skill level 1 in Short Blades
  1609 | D:2      | Reached skill level 1 in Long Blades
  1609 | D:2      | Reached skill level 1 in Axes
  1609 | D:2      | Reached skill level 1 in Maces & Flails
  1609 | D:2      | Reached skill level 1 in Polearms
  1609 | D:2      | Reached skill level 1 in Staves
  1609 | D:2      | Reached skill level 1 in Slings
  1609 | D:2      | Reached skill level 1 in Crossbows
  1609 | D:2      | Reached skill level 1 in Dodging
  1609 | D:2      | Reached skill level 1 in Stealth
  1609 | D:2      | Reached skill level 1 in Shields
  1609 | D:2      | Reached skill level 1 in Unarmed Combat
  1718 | D:2      | Reached XP level 4. HP: 32/32 MP: 13/13
  1837 | D:2      | Found a shimmering altar of Xom.
  1852 | D:2      | Found a shadowy altar of Dithmenos.
  2365 | D:3      | Noticed Ijyb
  2389 | D:3      | Killed from afar by Ijyb

Illustrated notes

Levels and vault maps discovered:
D:1:      amcnicky_arrival_wind_blow, layout_basic
D:2:      layout_basic, old_standard_altar, old_standard_altar,
          xom_teletrap_fun, kennysheep_flooded_box, grunt_dithmenos_smoke
D:3:      layout_loops_ring, nicolae_ru_path_of_blood, lemuel_round_altar,
          serial_bayou_pond_c, dk_vineyard_1, minmay_misc_feat_nine_boxes,
          cheibrodos_gnoll_hut, uniq_ijyb

Skill      XL: |  1  2  3 |
---------------+----------+-----
Invocations    | 1 |  1.2
Fighting       | 1 |  1.1
Short Blades   | 1 |  1.1
Long Blades    | 1 |  1.1
Axes           | 1 |  1.1
Maces & Flails | 1 |  1.1
Polearms       | 1 |  1.1
Staves         | 1 |  1.1
Slings         | 1 |  1.1
Crossbows      | 1 |  1.1
Dodging        | 1 |  1.1
Stealth        | 1 |  1.1
Shields        | 1 |  1.1
Unarmed Combat | 1 |  1.1
Bows           | |  2.7
Throwing       | |  2.7
Armour         | |  4.6
Spellcasting   | |  7.2
Conjurations   | |  0.8
Hexes          | |  0.8
Summonings     | |  0.8
Necromancy     | |  0.8
Translocations | |  0.8
Transmutations | |  0.8
Fire Magic     | |  0.8
Ice Magic      | |  3.8
Air Magic      | |  0.8
Earth Magic    | |  0.8
Poison Magic   | |  0.8
Evocations     | |  2.7

Action                   |  1- 3 |  4- 6 || total
-------------------------+-------+-------++-------
Melee: Whip              |    29 |       ||    29
 Fire: Shortbow          |   153 |    52 ||   205
Armor: Robe              |    15 |    12 ||    27
Dodge: Dodged            |    58 |    18 ||    76

Table legend: (Time is in decaauts)
 A = Elapsed time spent in this place.
 B = Non-inter-level travel time spent in this place.
 C = Inter-level travel time spent in this place.
 D = Time resting spent in this place.
 E = Time spent auto-exploring this place.
 F = Levels seen in this place.
 G = Mean time per level.
                   A        B        C        D        E       F      G
               +--------+--------+--------+--------+--------+-----+--------+
         Total |   2421 |   2379 |     42 |     20 |   1870 |   3 |  807.0 |
       Dungeon |   2421 |   2379 |     42 |     20 |   1870 |   3 |  807.0 |
               +--------+--------+--------+--------+--------+-----+--------+

Top non-repeatable levels by time:
     D:1: 1436 daAuts
     D:2: 953 daAuts
     D:3: 30 daAuts
